 Dungeon Crawl Stone Soup version 0.28.0-53-g5a82cb258f (webtiles) character file.

Game seed: 12075712943306074741

16202 Kaptain the Geomancer (level 12, -15/85 HPs)
             Began as an Octopode Earth Elementalist on July 13, 2022.
             Demolished by a white draconian
             ... wielding a +0 scimitar
              (25 damage)
             ... in an ice cave.
             The game lasted 00:38:48 (16677 turns).

Kaptain the Geomancer (OpEE)                       Turns: 16677, Time: 00:38:48

Health: -15/85     AC:  7    Str:  8    XL:     12   Next: 35%
Magic:  7/42       EV: 11    Int: 27    God:
Gold:   777        SH: 12    Dex: 13    Spells: 23/27 levels left

rFire   . . .      SeeInvis .   a - +0 hunting sling
rCold   + + .      Faith    .   U - +1 tower shield {rC+}
rNeg    . . .      Spirit   .   G - +2 hat
rPois   .          Reflect  .   S - amulet of magic regeneration
rElec   .          Harm     .   l - ring of wizardry
rCorr   +          Rampage  .   t - ring of magical power
Will    .....                   u - +6 ring of intelligence
Stlth   +++++.....              F - ring of resist corrosion
HPRegen 0.24/turn               D - +4 ring of protection
MPRegen 0.68/turn               I - ring of magical power
                                O - ring of protection from fire
                                v - ring of ice

@: no status effects
A: almost no armour, amphibious, 8 rings, camouflage 1, gelatinous body 1,
(nimble swimmer 1), tentacles
a: no special abilities


You were in an ice cave.
You visited 2 branches of the dungeon, and saw 12 of its levels.
You also visited: Ossuary and Ice Cave.

You collected 777 gold pieces.

Inventory:

Hand Weapons
 a - a +0 hunting sling (weapon)
 c - a +3 hand axe
 p - a +4 quarterstaff of chaos
 w - a +5 flail
 y - a +2 flail of protection
 C - a +0 hand crossbow
 R - a +2 falchion of holy wrath
Missiles
 b - 168 stones
 f - 13 boomerangs
 H - 20 sling bullets (quivered ammo)
 M - 16 bolts
 N - 2 throwing nets
Armour
 G - a +2 hat (worn)
 U - a +1 tower shield of cold resistance (worn)
Magical Staves
 E - a staff of fire
Jewellery
 l - a ring of wizardry (left tentacle)
 t - a ring of magical power (right tentacle)
 u - a +6 ring of intelligence (on tentacle)
 v - a ring of ice (on tentacle)
 D - a +4 ring of protection (on tentacle)
 F - a ring of resist corrosion (on tentacle)
 I - a ring of magical power (on tentacle)
 O - a ring of protection from fire (on tentacle)
 S - an amulet of magic regeneration (around mantle)
 T - a ring of fire
Wands
 d - a wand of mindburst (15)
 m - a wand of polymorph (6)
 q - a wand of paralysis (11)
 r - a wand of flame (5)
Scrolls
 e - 5 scrolls of teleportation
 s - 6 scrolls of identify
 x - 2 scrolls of immolation
 B - a scroll of blinking
 J - 2 scrolls of amnesia
 L - a scroll of enchant armour
Potions
 g - a potion of magic
 h - 5 potions of curing
 i - 2 potions of berserk rage
 j - a potion of resistance
 k - 3 potions of might
 n - 2 potions of ambrosia
 o - 2 potions of cancellation
 z - 3 potions of haste
 A - 2 potions of mutation
 K - a potion of brilliance
 P - a potion of lignification


   Skills:
 * Level 9.0 Fighting
 + Level 6.6 Dodging
 - Level 9.0 Stealth
 + Level 0.8 Shields
 * Level 8.4 Spellcasting
 * Level 8.9 Conjurations
 + Level 1.4 Transmutations
 * Level 9.5 Earth Magic


You had 23 spell levels left.
You knew the following spells:

 Your Spells              Type           Power      Damage    Failure   Level
a - Sandblast             Erth           100%       2d20      1%          1
b - Stone Arrow           Conj/Erth      100%       3d13      2%          3

Your spell library contained the following spells:

 Spells                   Type           Power      Damage    Failure   Level
 Passwall                 Tmut/Erth      34%        N/A       5%          2
 Petrify                  Tmut/Erth      41%        N/A       32%         4
 Ozocubu's Armour         Ice            17%        N/A       65%         3
 Portal Projectile        Hex/Tloc       22%        N/A       65%         3
 Blade Hands              Tmut           9%         N/A       99%         5
 Excruciating Wounds      Necr           5%         N/A       100%        5
 Ozocubu's Refrigeration  Ice            8%         4d6       100%        7


Dungeon Overview and Level Annotations

Branches:
Dungeon (11/15)            Temple (1/1) D:6            Lair (0/6) D:11
    Orc (0/2) D:9         Ossuary (visited)           IceCv (1/1)

Altars:
Ashenzari
Cheibriados
Dithmenos
Elyvilon
Fedhas
Gozag
Hepliaklqana
Kikubaaqudgha
Makhleb
Nemelex Xobeh
Okawaru
Qazlal
Ru
Sif Muna
Trog
Uskayaw
Vehumet
Wu Jian
Xom
Yredelemnul
Zin
The Shining One

Shops:
D:4 [   D:7 *

Annotations:
D:10 3 runed translucent doors, DildoBatman's ghost, journeyman FoCj


Innate Abilities, Weirdness & Mutations

You cannot wear most types of armour.
You are amphibious.
You can wear up to eight rings at the same time.
Your skin changes colour to match your surroundings (Stealth+).
Your rubbery body absorbs attacks. (AC +1, EV +1)
((You are camouflaged when in or above water. (Stealth+)))
You have tentacles for arms and can constrict up to eight enemies at once.


Message History

Aim: a white draconian, wielding a +0 scimitar, wearing a +1 buckler of cold resistance and wearing a +4 ring of protection (severely wounded, 78% to hit)
The white draconian blocks the stone arrow.
The white draconian breathes frost at you.
The blast of cold hits you. You resist.
* * * LOW HITPOINT WARNING * * *
You feel much better.
The white draconian hits you with a +0 scimitar!
Unknown command.
Casting: Stone Arrow (mildly dangerous; 2% risk of failure)
Confirm with . or Enter, or press ? or * to list all spells.
Aiming: Stone Arrow (mildly dangerous; 2% risk of failure)
Press: ? - help, Shift-Dir - straight line, f/p - white draconian
Aim: a white draconian, wielding a +0 scimitar, wearing a +1 buckler of cold resistance and wearing a +4 ring of protection (severely wounded, catching its breath, 78% to hit)
The stone arrow hits the white draconian!
The white draconian is severely wounded.
The white draconian hits you with a +0 scimitar!
* * * LOW HITPOINT WARNING * * *
Casting: Stone Arrow (mildly dangerous; 2% risk of failure)
Confirm with . or Enter, or press ? or * to list all spells.
Aiming: Stone Arrow (mildly dangerous; 2% risk of failure)
Press: ? - help, Shift-Dir - straight line, f/p - white draconian
Aim: a white draconian, wielding a +0 scimitar, wearing a +1 buckler of cold resistance and wearing a +4 ring of protection (severely wounded, catching its breath, 78% to hit)
The stone arrow hits the white draconian but does no damage.
The white draconian is severely wounded.
The white draconian barely misses you.
You feel better. The white draconian closely misses you.
Casting: Stone Arrow (mildly dangerous; 2% risk of failure)
Confirm with . or Enter, or press ? or * to list all spells.
Aiming: Stone Arrow (mildly dangerous; 2% risk of failure)
Press: ? - help, Shift-Dir - straight line, f/p - white draconian
Aim: a white draconian, wielding a +0 scimitar, wearing a +1 buckler of cold resistance and wearing a +4 ring of protection (severely wounded, 78% to hit)
The white draconian blocks the stone arrow.
The white draconian hits you with a +0 scimitar!
* * * LOW HITPOINT WARNING * * *
Aiming: Throw Flame
Press: ? - help, Shift-Dir - straight line, f/p - white draconian
Aim: a white draconian, wielding a +0 scimitar, wearing a +1 buckler of cold resistance and wearing a +4 ring of protection (severely wounded, 68% to hit)
The white draconian blocks the puff of flame.
The white draconian hits you with a +0 scimitar!!
You die...

##.#
#(...(.
##.##
.....##
#.#.#
..(.# #
##..#
#..# #
##.# ##.#
# #..#
##.Z#
##Y##
#...#
#..#
#####dZ#
##.##
##@dZ#.##
#.#.#
#..#...#
##.##
##.##..#
#..##
#..#.##
##..#
###.###
#..##
##...#
##.##
##..###
###Y.#
##..##
#.#.##
#..##


You could see a white draconian and a steam dragon simulacrum.

Vanquished Creatures
  A two-headed ogre (D:9)
  2 ugly things
  2 ice statues (IceCv)
  2 unseen horrors (D:10)
  6 rime drakes
  4 kobold demonologists (D:8)
  A troll (D:10)
  Grinder (D:3)
  A hornet (D:9)
  A meliai zombie (D:10)
  2 wraiths
  A shadow (D:11)
  Sigmund (D:2)
  13 yaks
  4 wyverns
  2 vampires
  A basilisk (D:11)
  A steam dragon (D:7)
  3 water moccasins
  An acid dragon (D:11)
  5 black bears
  A sky beast (D:6)
  2 centaurs
  An ogre (D:5)
  2 phantoms
  3 elf zombies (Ossuary)
  A bullfrog (D:8)
  6 kobold brigands
  5 scorpions
  A water moccasin skeleton (D:6)
  4 lindwurm simulacra (IceCv)
  8 killer bees
  4 wights (D:6)
  A howler monkey (D:11)
  10 centaur zombies
  A crimson imp (D:4)
  2 bullfrog zombies (D:7)
  7 hounds
  2 jellies
  4 orc priests
  A human zombie (Ossuary)
  6 komodo dragon simulacra (IceCv)
  4 centaur skeletons
  2 gnoll shamans
  Crazy Yiuf (D:3)
  Jessica (D:3)
  2 iguanas
  7 orc wizards
  A scorpion zombie (D:5)
  2 hound zombies (Ossuary)
  2 hound skeletons (D:4)
  4 mummies
  2 howler monkey zombies
  14 gnolls
  4 acid dragon simulacra (IceCv)
  14 adders
  A white imp (D:4)
  6 steam dragon simulacra (IceCv)
  4 adder zombies (Ossuary)
  7 worms
  2 dart slugs (D:1)
  46 orcs
  6 endoplasms
  5 giant cockroaches
  4 goblins
  4 hobgoblins
  4 jackals (D:4)
  20 kobolds
  5 quokkas
  10 ball pythons
  5 bats
  2 frilled lizards
  A gnoll zombie (Ossuary)
  5 goblin zombies (Ossuary)
  4 hobgoblin zombies (Ossuary)
  3 jackal zombies (Ossuary)
  3 kobold zombies (Ossuary)
  An orc zombie (Ossuary)
  4 quokka zombies (Ossuary)
  10 rats
  A rat zombie (Ossuary)
350 creatures vanquished.

Vanquished Creatures (others)
  A manticore (D:8)
  A warg (shapeshifter) (D:8)
  A howler monkey (D:8)
  20 plants (D:11)
23 creatures vanquished.

Grand Total: 373 creatures vanquished

Notes
Turn   | Place    | Note
-------+----------+-------------------------------------------
     0 | D:1      | Kaptain the Octopode Earth Elementalist began the quest for
                  | the Orb.
     0 | D:1      | Reached XP level 1. HP: 11/11 MP: 3/3
   266 | D:1      | Reached XP level 2. HP: 18/18 MP: 5/5
   915 | D:2      | Reached skill level 1 in Fighting
   915 | D:2      | Reached skill level 1 in Conjurations
   915 | D:2      | Reached XP level 3. HP: 17/23 MP: 2/6
   920 | D:2      | Learned a level 3 spell: Stone Arrow
  1244 | D:2      | Noticed Sigmund
  1284 | D:2      | Reached XP level 4. HP: 28/28 MP: 7/7
  1386 | D:2      | Reached XP level 5. HP: 15/34 MP: 1/8
  1706 | D:2      | Killed Sigmund
  1707 | D:2      | Reached XP level 6. HP: 41/41 MP: 3/10
  2035 | D:3      | Noticed a black bear
  2037 | D:3      | Killed a black bear
  2286 | D:3      | Noticed Jessica
  2290 | D:3      | Killed Jessica
  2476 | D:3      | Noticed Grinder
  2476 | D:3      | Paralysed by Grinder for 5 turns
  2485 | D:3      | Killed Grinder
  2486 | D:3      | Reached XP level 7. HP: 46/46 MP: 3/12
  2931 | D:3      | Found a runed translucent door.
  2932 | D:3      | Noticed Crazy Yiuf
  3396 | D:3      | Killed Crazy Yiuf
  3552 | D:4      | Found a sand-covered staircase.
  3561 | Ossuary  | Entered an ossuary
  4301 | Ossuary  | Reached XP level 8. HP: 54/54 MP: 5/14
  4488 | Ossuary  | Reached skill level 5 in Earth Magic
  4781 | Ossuary  | Reached skill level 5 in Stealth
  6569 | D:4      | Found Siqytali's Antique Armour Shoppe.
  6630 | D:5      | Entered Level 5 of the Dungeon
  6696 | D:5      | Reached XP level 9. HP: 60/60 MP: 16/16
  6748 | D:5      | Found an iron altar of Okawaru.
  6762 | D:5      | Reached skill level 5 in Fighting
  6764 | D:5      | Reached skill level 5 in Spellcasting
  7034 | D:5      | Reached skill level 5 in Conjurations
  8319 | D:6      | Reached XP level 10. HP: 68/68 MP: 15/18
  8567 | D:6      | Found a blossoming altar of Fedhas.
  8578 | D:6      | Found a staircase to the Ecumenical Temple.
  8600 | D:6      | Found a sparkling altar of Nemelex Xobeh.
  8803 | Temple   | Entered the Ecumenical Temple
  9800 | D:7      | Reached skill level 5 in Dodging
 10090 | D:7      | Noticed an angel
 10094 | D:7      | Found Pesoig's Hallowed Reliquary.
 11062 | D:8      | Noticed a gargoyle
 11081 | D:8      | Found a shimmering altar of Xom.
 11081 | D:8      | Noticed a skeletal warrior
 11081 | D:8      | Noticed a manticore
 11151 | D:8      | Noticed an eight-headed hydra
 11303 | D:8      | Noticed a kobold demonologist
 11342 | D:8      | Noticed a kobold demonologist
 11343 | D:8      | Noticed a kobold demonologist
 11345 | D:8      | Killed a kobold demonologist
 11348 | D:8      | Noticed a rust devil
 11578 | D:8      | Noticed a salamander
 11594 | D:8      | Noticed a kobold demonologist
 11596 | D:8      | Noticed a soul eater
 11601 | D:8      | Noticed a mana viper
 11758 | D:8      | Noticed a spark wasp
 11768 | D:8      | Killed a kobold demonologist
 11820 | D:8      | Identified the +2 leather armour of Starshine {+Blink
                  | Stlth+}
 11844 | D:8      | Found a hazy altar of Hepliaklqana.
 11958 | D:8      | Killed a kobold demonologist
 11990 | D:8      | Killed a kobold demonologist
 12453 | D:8      | Found an opulent altar of Gozag.
 12537 | D:9      | Found a sacrificial altar of Ru.
 12579 | D:8      | Killed a manticore
 12588 | D:8      | Noticed a sea snake
 12661 | D:9      | Reached XP level 11. HP: 75/75 MP: 21/21
 13129 | D:9      | Found a staircase to the Orcish Mines.
 13246 | D:9      | Noticed a two-headed ogre
 13251 | D:9      | Killed a two-headed ogre
 13476 | D:10     | Entered Level 10 of the Dungeon
 13755 | D:10     | Found a snail-covered altar of Cheibriados.
 13953 | D:10     | Noticed a white ugly thing
 13962 | D:10     | Killed a white ugly thing
 14160 | D:10     | Found a runed translucent gate.
 14160 | D:10     | Found a runed translucent gate.
 14160 | D:10     | Found a runed translucent gate.
 14160 | D:10     | Noticed DildoBatman's ghost (journeyman FoCj)
 14162 | D:10     | Found a basalt altar of Yredelemnul.
 15312 | D:11     | Noticed a cyclops
 15332 | D:11     | Noticed a white ugly thing
 15598 | D:11     | Killed a white ugly thing
 15599 | D:11     | Reached XP level 12. HP: 57/84 MP: 21/24
 15744 | D:11     | Found a frozen archway.
 15754 | IceCv    | Entered an ice cave
 16472 | IceCv    | Noticed a white draconian
 16563 | IceCv    | Found the +4 skin of Zhor {*Englaciate rC+++ SInv}
 16677 | IceCv    | Demolished by a white draconian

Illustrated notes

Levels and vault maps discovered:
D:1:      elethiomel_arrival_infinity_welcomes_careful_drivers, layout_basic,
          hex_large
D:2:      layout_rooms, uniq_sigmund
D:3:      layout_loops_ring, minmay_fractal_squares_diagonal_5, uniq_grinder,
          uniq_jessica, uniq_crazy_yiuf_cottage
D:4:      nicolae_cairo_tiling_very_big, layout_loops_cross, serial_glass,
          glass_columns_a, glass_columns_a, feat_on_display,
          minmay_strange_pillars, feat_on_display, item_on_display_a,
          serial_shops, kennysheep_little_box, gup_ossuary_entry_pyramid,
          minmay_fire_ice_demons
D:5:      layout_basic, mainiacjoe_overflow_surrounded_room
D:6:      layout_basic, fedhas_altar_1, mainiacjoe_overflow_tiny_flanked,
          minmay_temple_entry_stoned_glass
D:7:      layout_gridville, nicolae_good_shop
D:8:      layout_basic, mainiacjoe_overflow_boulevard,
          nicolae_hepliaklqana_hazy_memory, mainiacjoe_overflow_brackets,
          minivault_12
D:9:      layout_basic, amcnicky_altar_gilded, orc_david_3
D:10:     layout_basic, overflow_temple_1_default,
          nicolae_yredelemnul_ghost_church, minivault_21,
          kennysheep_generic_room_6
D:11:     layout_cave_pools, minmay_lair_entry_grove, portal_ice_cave_rime,
          minmay_misc_feat_more_columns, dk_vineyard_1,
          nicolae_qazlal_eye_of_the_storm
Temple:   cyrus_circular_temple
IceCv:    ice_cave_small_dragons

Skill      XL: |  1  2  3  4  5  6  7  8  9 10 11 12 |
---------------+-------------------------------------+-----
Fighting       | 1 2 3 4 6 7 8 9 |  9.0
Stealth        | 3 4 5 6 7 9 |  9.0
Conjurations   | 1 2 3 4 5 7 8 |  8.9
Spellcasting   | 3 4 5 6 8 |  8.4
Earth Magic    | 4 5 6 7 9 |  9.5
Dodging        | 3 4 5 6 |  6.6
Shields        | |  0.8
Transmutations | |  1.4

Action                   |  1- 3 |  4- 6 |  7- 9 | 10-12 || total
-------------------------+-------+-------+-------+-------++-------
Melee: Dagger            |       |     3 |       |       ||     3
       Constrict         |       |     1 |       |       ||     1
       Punch             |       |     1 |       |       ||     1
       Tentacles         |       |     1 |       |       ||     1
 Fire: Hunting sling     |    53 |    58 |   217 |   106 ||   434
 Cast: Sandblast         |    16 |    28 |   105 |    76 ||   225
       Stone Arrow       |       |     8 |    89 |   279 ||   376
Evoke: Wand              |       |       |       |     2 ||     2
  Use: Scroll            |       |     6 |     9 |     7 ||    22
       Potion            |       |       |     3 |     2 ||     5
Armor: Skin              |     2 |       |     4 |    27 ||    33
Dodge: Dodged            |     1 |    10 |    57 |   100 ||   168
Block: Tower shield      |       |       |       |     6 ||     6
